 Dungeon Crawl Stone Soup version 0.31.0-9-g3a7656b989 (webtiles) character file.

Game seed: 17442376329643805565

35 qw the Shooter (level 3, -5/18 HPs)
             Began as a Spriggan Hunter on Feb 2, 2024.
             Slain by Natasha (6 damage)
             ... on level 2 of the Dungeon.
             The game lasted 00:00:02 (787 turns).

qw the Shooter (Spriggan Hunter)                     Turns: 787, Time: 00:00:03

Health: -5/18      AC:  2    Str:  7    XL:     3   Next: 17%
Magic:  4/4        EV: 19    Int: 10    God:
Gold:   67         SH:  0    Dex: 20    Spells: 2/2 levels left

rFire   . . .        a - +0 shortbow
rCold   . . .        (shield currently unavailable)
rNeg    . . .        c - +0 robe
rPois   .            (helmet restricted)
rElec   .            (no cloak)
rCorr   .            (gloves unavailable)
SInv    +            (boots unavailable)
Will    .....        (no amulet)
Stlth   ++           (no ring)
HPRegen 0.23/turn    (no ring)
MPRegen 0.09/turn

%: no passive effects
@: about to teleport, very quick
A: very small, no large weapons, unfitting armour, see invisible, speed 3
a: no special abilities


You were on level 2 of the Dungeon.
You visited 1 branch of the dungeon, and saw 2 of its levels.

You collected 67 gold pieces.


Innate Abilities, Weirdness & Mutations

You are very small and have problems with some larger weapons.
You are too small for most types of armour.
You have supernaturally acute eyesight. (SInv)
You cover ground extremely quickly. (Speed+++)


   Skills:
 - Level 1.5 Fighting
 + Level 4.5 Ranged Weapons
 - Level 4.0 Dodging
 - Level 1.5 Stealth


You had 2 spell levels left.
You didn't know any spells.
Your spell library was empty.

Inventory:

Hand Weapons
 a - a +0 shortbow (weapon)
Armour
 c - a +0 robe (worn)
Scrolls
 f - a scroll of teleportation
Potions
 d - a potion of degeneration {unknown}
 g - a potion of curing {unknown}
 h - a potion of heal wounds {unknown}

Dungeon Overview and Level Annotations

Branches:
Dungeon (2/15)

Altars:

Annotations:
D:2 Natasha, Robin


Message History

The arrow hits Natasha but does no damage.
Natasha howls an incantation.
Natasha's front paws start to glow.
Natasha claws you. Robin throws the goblin at you!
The goblin hits you with a +0 club.
A goblin comes into view. It is wielding a +0 club.
You shoot an arrow. The goblin shouts!
The arrow hits Natasha.
Natasha is lightly wounded.
Natasha misses you.
A goblin comes into view. It is wielding a +0 club.
The goblin barely misses you. Natasha claws you.
You shoot an arrow. The arrow closely misses Natasha.
The arrow hits the adder.
You kill the adder!
The goblin misses you. Natasha claws you.
You have reached level 3!
Your experience leads to an increase in your attributes!
Increase (S)trength, (I)ntelligence, or (D)exterity?
You feel agile. x2
You shoot an arrow. The arrow hits Natasha.
Natasha is lightly wounded.
The goblin misses you. Natasha misses you.
You shoot an arrow. The arrow barely misses Natasha.
The arrow hits the goblin.
You kill the goblin!
The goblin misses you. Natasha claws you.
785 ||| READING 2 scrolls of teleportation.
As you read the scroll of teleportation, it crumbles to dust.
You feel strangely unstable. The goblin completely misses you.
Natasha barely misses you.
You shoot an arrow. The arrow hits Natasha!
Natasha is severely wounded.
The goblin no longer looks unusually strong.
The goblin hits you with a +0 club. Natasha claws you but does no damage.
The goblin closely misses you.
You shoot an arrow. The arrow completely misses Natasha.
The arrow hits Robin!
Robin is heavily wounded.
Natasha barely misses you. The goblin misses you. Natasha claws you.
You die...
Natasha begins licking her fur clean.

#g.g....<....#
####)...##.##
##...)#
#.#.#.#
h....#.# #
###.#.#.##.###
##..gg.....#
##.#h#..###
#.#@#.## #.#g#
# #.# #.# #.#
#.# #.# #.#


You could see Robin, Natasha and 2 goblins.

Vanquished Creatures
  An adder (D:2)
  A dart slug (D:1)
  2 endoplasms (D:1)
  5 giant cockroaches (D:1)
  3 goblins (D:2)
  3 hobgoblins (D:1)
  2 quokkas (D:1)
  2 ball pythons (D:1)
  A bat (D:1)
  2 rats (D:1)
22 creatures vanquished.

Notes
Turn   | Place    | Note
-------+----------+-------------------------------------------
     0 | D:1      | qw the Spriggan Hunter began the quest for the Orb.
     0 | D:1      | Reached XP level 1. HP: 10/10 MP: 2/2
     0 | D:1      | 0 ||| qw: Version: 0.3-a-155-g5e7d8dd
     0 | D:1      | 0 ||| qw: Game counter: 2796
     0 | D:1      | 0 ||| qw: Melee chars always use a shield: true
     0 | D:1      | 0 ||| qw: God list: Okawaru
     0 | D:1      | 0 ||| qw: Allow faded altars: false
     0 | D:1      | 0 ||| qw: Do Orc after clearing Dungeon:15 true
     0 | D:1      | 0 ||| qw: Do second Lair branch before Depths: true
     0 | D:1      | 0 ||| qw: Lair rune preference: random
     0 | D:1      | 0 ||| qw: Goals: Normal
     0 | D:1      | 0 ||| PLANNING D:1-11
    43 | D:1      | Reached skill level 3 in Dodging
   126 | D:1      | Reached XP level 2. HP: 14/14 MP: 3/3
   672 | D:1      | 672 ||| READING 3 scrolls labelled ILOBIA OZXAK.
   676 | D:1      | 676 ||| DRINKING 2 sedimented green potions.
   721 | D:1      | 721 ||| DROPPING scroll of butterflies.
   722 | D:1      | 722 ||| DROPPING potion of lignification.
   764 | D:2      | Noticed Natasha
   764 | D:2      | Noticed Robin
   765 | D:2      | 765 ||| RETREEEEATING.
   766 | D:2      | 766 ||| RETREEEEATING.
   768 | D:2      | 768 ||| RETREEEEATING.
   770 | D:2      | 770 ||| RETREEEEATING.
   776 | D:2      | 776 ||| RETREEEEATING.
   777 | D:2      | 777 ||| RETREEEEATING.
   778 | D:2      | 778 ||| RETREEEEATING.
   779 | D:2      | 779 ||| RETREEEEATING.
   783 | D:2      | Reached XP level 3. HP: 5/18 MP: 4/4
   784 | D:2      | HP: 1/18 [Natasha (4)]
   785 | D:2      | 785 ||| READING 2 scrolls of teleportation.
   787 | D:2      | Slain by Natasha

Levels and vault maps discovered:
D:1:      minmay_arrival_radiant_lines, layout_loops_ring, minivault_24,
          roderic_serpentine_path, corexii_leaking_fountain
D:2:      layout_loops_ring, uniq_natasha, uniq_crazy_yiuf_cottage, uniq_robin

Skill      XL: |  1  2 |
---------------+-------+-----
Dodging        | 3 4 |  4.0
Fighting       | |  1.5
Ranged Weapons | |  4.5
Stealth        | |  1.5

Action                     || total
---------------------------++-------
   Fire: Shortbow          ||    66
    Use: Scroll            ||     2
         Potion            ||     1
 Armour: Robe              ||    15
  Dodge: Dodged            ||    41

Table legend:
 A = Non-vault XP
 B = Vault XP
 C = Vault XP percentage of total XP
 D = Non-vault monster count
 E = Vault monster count
 F = Vault count percentage of total count
                 A         B        C        D         E       F
            +---------+---------+-------+---------+---------+-------
      Total |      46 |       5 |   9.8 |      19 |       3 |  13.6
            +---------+---------+-------+---------+---------+-------
        D:1 |      33 |       0 |   0.0 |      18 |       0 |   0.0
        D:2 |      13 |       5 |  27.8 |       1 |       3 |  75.0
            +---------+---------+-------+---------+---------+-------
